 Dungeon Crawl Stone Soup version 0.19-a0-981-gaae9137 (webtiles) character file.

69 matakusis the Ducker (level 4, -3/34 HPs)
             Began as a Demonspawn Gladiator on July 14, 2016.
             Slain by Shenda's ghost (12 damage)
             ... on level 3 of the Dungeon.
             The game lasted 00:08:37 (2046 turns).

matakusis the Ducker (Demonspawn Gladiator)         Turns: 2046, Time: 00:08:38

Health: -3/34      AC:  4    Str: 16    XL:     4   Next: 2%
Magic:  13/13      EV: 13    Int:  9    God:
Gold:   34         SH:  0    Dex: 14    Spells: 0 memorised, 3 levels left

rFire  . . .     SeeInvis .       - Unarmed
rCold  . . .     Gourm    .     b - +0 leather armour
rNeg   . . .     Faith    .     (no shield)
rPois  .         Spirit   .     c - +0 helmet
rElec  .         Dismiss  .     (no cloak)
rCorr  .         Reflect  .     (no gloves)
SustAt .         Harm     .     (no boots)
MR     .....                    (no amulet)
Stlth  ++........               (no ring)
                                a - ring of magical power

@: not resistant to hostile enchantments, unstealthy
A: claws 1, talons 1, nightstalker 1
a: no special abilities


You were on level 3 of the Dungeon.
You were very hungry.

You visited 1 branch of the dungeon, and saw 3 of its levels.

You collected 34 gold pieces.

Inventory:

Missiles
 d - 3 throwing nets (quivered)
Armour
 b - a +0 leather armour (worn)
 c - a +0 helmet (worn)
Jewellery
 a - a ring of magical power (left claw)
Scrolls
 e - a scroll of teleportation
 i - 2 scrolls of fog
 k - a scroll of amnesia {unknown}
 m - a scroll of identify
 q - a scroll of remove curse
Comestibles
 f - a bread ration
 g - 3 meat rations
 j - 5 chunks of flesh
 l - a beef jerky


   Skills:
 * Level 2.3 Fighting
   Level 2.8 Long Blades
 - Level 1.7 Throwing
 * Level 3.9 Dodging
 * Level 1.1 Unarmed Combat


You had 3 spell levels left.
You didn't know any spells.

Dungeon Overview and Level Annotations

Branches:
Dungeon (3/15)

Altars:

Annotations:
D:3 Shenda's ghost, amateur MiFi


Innate Abilities, Weirdness & Mutations

You have sharp fingernails.
You have sharp toenails.
You are slightly more attuned to the shadows.


Message History

Your magical contamination has completely faded away.
You scratch Shenda's ghost but do no damage.
You claw Shenda's ghost, but do no damage.
Shenda's ghost is lightly damaged.
Shenda's ghost hits you.
You scratch Shenda's ghost.
Shenda's ghost is moderately damaged.
Shenda's ghost hits you but does no damage.
You scratch Shenda's ghost but do no damage.
Your kick misses Shenda's ghost.
Shenda's ghost is moderately damaged.
You scratch Shenda's ghost. Your kick misses Shenda's ghost.
Shenda's ghost is moderately damaged.
Shenda's ghost hits you!
* * * LOW HITPOINT WARNING * * *
You scratch Shenda's ghost but do no damage.
Your kick misses Shenda's ghost.
Shenda's ghost is moderately damaged.
Shenda's ghost hits you!
You die...

#(# #(# #####.###
##....(..##
#.....†)..#
#...##....#
########...##....#
#.W........#......
#@######.........#
#.# #...#.....# #.#
#..W......# ##.####
###.##.##.# #...W.#
#.......# #..##.###
####'#### #.......#
##...## #.......#
##÷....##
#.......###.......#


You could see Shenda's ghost.

Vanquished Creatures
  An adder (D:2)
  An ooze (D:1)
  A dart slug (D:1)
  3 giant geckos
  An orc (D:3)
  3 giant cockroaches
  12 goblins
  2 hobgoblins
  A quokka (D:3)
  A ball python (D:2)
  9 bats
  3 giant newts
  7 kobolds
  2 rats
47 creatures vanquished.

Notes
Turn   | Place    | Note
-------+----------+-------------------------------------------
     0 | D:1      | matakusis the Demonspawn Gladiator began the quest for the Orb.
     0 | D:1      | Reached XP level 1. HP: 16/16 MP: 1/1
    55 | D:1      | Reached skill level 3 in Dodging
    91 | D:1      | Gained mutation: You have sharp toenails. [demonic ancestry]
    91 | D:1      | Reached XP level 2. HP: 21/22 MP: 2/2
   738 | D:2      | Gained mutation: You have sharp fingernails. [demonic ancestry]
   738 | D:2      | Reached XP level 3. HP: 18/27 MP: 3/3
   922 | D:2      | Reached skill level 1 in Unarmed Combat
  1843 | D:3      | Gained mutation: You are slightly more attuned to the shadows. [demonic ancestry]
  1843 | D:3      | Reached XP level 4. HP: 33/34 MP: 4/4
  1853 | D:3      | Noticed Shenda's ghost (amateur MiFi)
  2046 | D:3      | Slain by Shenda's ghost

Vault maps used:
D:1:      shiori_shiawase
D:2:      st_stairs_5

Skill      XL: |  1  2  3 |
---------------+----------+-----
Dodging        | 3 |  3.9
Unarmed Combat | 1 |  1.1
Fighting       | |  2.3
Long Blades    | |  2.8
Throwing       | |  1.7

Action                   |  1- 3 |  4- 6 || total
-------------------------+-------+-------++-------
Melee: Long sword        |    23 |       ||    23
       Unarmed           |   178 |    27 ||   205
       Kick              |    37 |     6 ||    43
       Punch             |       |     1 ||     1
  Use: Potion            |     5 |     2 ||     7
       Scroll            |     5 |       ||     5
 Stab: Sleeping          |       |     1 ||     1
  Eat: Chunk             |     3 |       ||     3
Armor: Leather armour    |    87 |     6 ||    93
Dodge: Dodged            |   176 |    13 ||   189
